 Dungeon Crawl Stone Soup version 0.29-a0-541-gaf1fc19f1b (webtiles) character file.

Game seed: 8961606524796639356

623 Flugkiller the Skirmisher (level 8, -15/68 (73) HPs)
             Began as a Meteoran Chaos Knight on June 2, 2022.
             Was a Plaything of Xom.
             Demolished by a tarantella (shapeshifter) (18 damage)
             ... on level 5 of the Dungeon.
             The game lasted 00:06:45 (1755 turns).

Flugkiller the Skirmisher (Meteoran Chaos Knight)   Turns: 1755, Time: 00:06:45

HP:   -15/68 (73)   AC:  8    Str: 18      XL:     8   Next: 5%
MP:   12/12         EV: 10    Int: 13      God:    Xom [....*.]
Gold: 220           SH:  0    Dex: 15 (16) Spells: 7/12 levels left

rFire   . . .      SeeInvis .   a - +0 hand axe (chaos)
rCold   + + .      Faith    .   (no shield)
rNeg    . . .      Spirit   .   l - +1 scale mail of Whack-A-Mole {rC+ Str+4}
rPois   +          Reflect  .   (no helmet)
rElec   .          Harm     .   n - +0 cloak
rCorr   .          Rampage  .   (no gloves)
Will    +....                   (no boots)
Stlth   ..........              (no amulet)
HPRegen 0.21/turn               p - ring of protection from cold
MPRegen 0.13/turn               o - ring of poison resistance

@: confused, glowing, drained
A: sense surroundings 1, otherworldly, glowing, explore regen
a: Renounce Religion


You were on level 5 of the Dungeon.
You worshipped Xom.
You were a beloved toy of Xom.
You visited 1 branch of the dungeon, and saw 5 of its levels.

You collected 220 gold pieces.

Inventory:

Hand Weapons
 a - a +0 hand axe of chaos (weapon)
Armour
 b - a +2 leather armour
 l - the +1 scale mail of Whack-A-Mole (worn) {rC+ Str+4}
   (You found it on level 2 of the Dungeon)

   Str:       It affects your strength (+4).
   rC:        It protects you from cold.
 n - a +0 cloak (worn)
   (You found it on level 2 of the Dungeon)
Jewellery
 o - a ring of poison resistance (right hand)
   (You found it on level 5 of the Dungeon)
 p - a ring of protection from cold (left hand)
   (You found it on level 2 of the Dungeon)
Wands
 x - a wand of mindburst (6)
   (You found it on level 5 of the Dungeon)
Scrolls
 f - a scroll of enchant weapon {unknown}
 g - a scroll of poison
 m - a scroll of amnesia {unknown}
 r - 2 scrolls of vulnerability
 t - 4 scrolls of teleportation
 w - a scroll of torment {unknown}
Potions
 d - 3 potions of magic
 e - a potion of attraction
 h - a potion of haste
 i - a potion of cancellation
 j - a potion of ambrosia {unknown}
 k - a potion of mutation {unknown}
 q - a potion of flight {unknown}
 s - a potion of curing {unknown}
 u - a potion of berserk rage {unknown}
 v - a potion of heal wounds {unknown}
 z - a potion of might {unknown}
Miscellaneous
 c - a piece from Xom's chessboard (15/15) (quivered)


   Skills:
 - Level 7.4 Fighting
 - Level 3.6 Axes
 - Level 2.4 Armour
 + Level 3.0 Dodging
 + Level 2.7 Unarmed Combat
 + Level 2.6 Spellcasting
 + Level 2.6 Transmutations


You had 7 spell levels left.
You knew the following spells:

 Your Spells              Type           Power      Damage    Failure   Level
a - Blade Hands           Tmut           4%         N/A       100%        5

Your spell library contained the following spells:

 Spells                   Type           Power      Damage    Failure   Level
 Magic Dart               Conj           4%         1d3       61%         1
 Call Imp                 Summ           1%         N/A       75%         2
 Confusing Touch          Hex            1%         N/A       93%         3
 Mephitic Cloud           Conj/Pois/Air  1%         N/A       93%         3
 Portal Projectile        Hex/Tloc       2%         N/A       93%         3
 Tukima's Dance           Hex            1%         N/A       93%         3
 Yara's Violent Unravell  Hex/Tmut       2%         3d3       100%        5
 Enfeeble                 Hex            0%         N/A       100%        7


Dungeon Overview and Level Annotations

Branches:
Dungeon (5/15)
 Temple: D:4-7

Altars:
Dithmenos
Elyvilon
Fedhas
Kikubaaqudgha
Qazlal


Innate Abilities, Weirdness & Mutations

You passively map a small area around you.
You are easily found by Zot.
You glow in the dark.
You regain HP and MP as you explore.


Message History

The water moccasin bites you.
Aiming: Mindburst
Press: ? - help, Shift-Dir - straight line, f/p - water moccasin
Aim: a water moccasin (severely wounded, chance to affect: 64%)
The water moccasin's mind is blasted!
You blow up the water moccasin!
The hound barely misses you.
You have reached level 8!
You slash the hound!
You feel better.
You kill the hound!
Your Dodging skill increases to level 3!
Found a scroll labelled CUAM OCOKYTUS.
Found a white potion.
z - a white potion An orc, an adder and a hound come into view.
The orc shouts!
The hound barks!
You hear a shout!
You hear a howl!
The hound barely misses you.
An orc wizard comes into view. It is wielding a +0 dagger.
The hound bites you but does no damage.
You hear a shout! x2
You see here a scroll labelled CUAM OCOKYTUS.
A howler monkey comes into view.
The howler monkey howls!
You hear an angry growl.
A hound comes into view.
The hound bites you but does no damage.
The orc wizard casts a spell.
The orc wizard flickers and vanishes!
Deactivating autopickup; reactivate with Ctrl-A.
The hound bites you but does no damage.
You barely miss the hound. The hound bites you.
A black bear comes into view.
The hound misses you.
You closely miss the hound. The hound bites you but does no damage.
You hit the hound.
The hound is poisoned.
The hound is lightly wounded.
You barely miss the black bear. The hound bites you but does no damage.
The hound barely misses you. The black bear bites you.
The black bear closely misses you.
The black bear claws you but does no damage.
You closely miss the hound.
The hound is lightly wounded.
You hit the black bear.
The black bear changes into a shapeshifter!
The shapeshifter changes into a tarantella!
The hound bites you but does no damage. The hound bites you.
The howler monkey hoots and howls with incredible vigour!
You hear a shout!
You hear an angry growl.
You hear a bark!
Aiming: Mindburst
Press: ? - help, Shift-Dir - straight line, f - tarantella
Aim: a tarantella shaped shifter (chance to affect: 64%)
The tarantella's mind is blasted!
The hound barely misses you.
The tarantella touches you but does no damage.
Aiming: Mindburst
Press: ? - help, Shift-Dir - straight line, f/p - tarantella
Aim: a tarantella shaped shifter (moderately wounded, chance to affect: 64%)
The tarantella's mind is blasted!
You hear a bark!
The hound bites you but does no damage. The tarantella touches you.
The howler monkey hoots and howls with incredible vigour!
The hound closely misses you.
You hear a shout!
Okay, then.
You hit the tarantella.
The tarantella goes berserk!
The tarantella is almost dead.
You miss the hound. The tarantella barely misses you.
The tarantella completely misses you. The hound bites you but does no damage.
The tarantella touches you!
You are confused.
The hound barely misses you.
You are too confused!
Press: ? - help, v - describe, . - travel The floor, spattered with blood.
Unknown command.
Okay, then.
You are too confused!
Unknown command.
You hit the hound. You burn the hound.
The hound is heavily wounded.
You miss the tarantella. The tarantella touches you!!
The hound bites you but does no damage. The tarantella touches you!
The howler monkey hoots and howls with incredible vigour!
You hear a shout!
Unknown command.
You bump into the metal wall.
Xom's power touches on you for a moment.
You feel clumsy.
You are now a beloved toy of Xom.
The tarantella barely misses you. The hound bites you but does no damage.
The tarantella touches you!!
* * * LOW HITPOINT WARNING * * *
The hound bites you but does no damage.
A centaur comes into view.
The tarantella touches you.
* * * LOW HITPOINT WARNING * * *
Unknown command.
You hit the tarantella but do no damage.
The tarantella is almost dead.
You miss the hound. The tarantella touches you!!
You die...
Xom guffaws!

** , *, * , .### .#... ,,
...##....., ,, , .### ,
#.......#,.* , .....
##.......#. * , ,, *
......###.........., ##
...{...?h#......## ...
.#h#.#.#h##......###..# ,
* * #.#@#....#,.#.... ,*,
* ,#.#s.....##...... * *
.#c#...#.....# ,*.
,#############........##*
, ..
..............#.....##
...
#####......###.......###
.... #.....##
#...##....##.... #.....#
##.##......#.... #......#
####..##..#....


You could see a tarantella shaped shifter (berserk), a centaur, a howler monkey
and a hound (poisoned).

Vanquished Creatures
  A water moccasin (D:5)
  A black bear (D:4)
  A phantom (D:4)
  A necrophage (D:5)
  A scorpion (D:3)
  A howler monkey (D:4)
  A hound (D:5)
  2 iguanas (D:4)
  3 gnolls (D:3)
  2 adders
  2 worms
  5 dart slugs
  An orc (D:4)
  3 bats
  5 endoplasms
  A giant cockroach (D:1)
  4 goblins
  11 hobgoblins
  8 kobolds
  2 quokkas (D:3)
  8 ball pythons
  6 rats
70 creatures vanquished.

Vanquished Creatures (others)
  2 fungi (D:2)
  2 plants (D:2)
4 creatures vanquished.

Grand Total: 74 creatures vanquished

Notes
Turn   | Place    | Note
-------+----------+-------------------------------------------
     0 | D:1      | Flugkiller the Meteoran Chaos Knight began the quest for
                  | the Orb.
     0 | D:1      | Reached XP level 1. HP: 19/19 MP: 2/2
    46 | D:1      | Reached XP level 2. HP: 22/27 MP: 3/3
    88 | D:1      | Reached skill level 4 in Fighting
   156 | D:1      | Reached XP level 3. HP: 33/33 MP: 4/4
   173 | D:1      | You fall into a shaft and drop 1 floor!
   183 | D:2      | XOM: potion effect (brilliance)
   223 | D:1      | XOM: smoke on damage
   332 | D:2      | Reached XP level 4. HP: 36/41 MP: 5/5
   356 | D:2      | Reached skill level 5 in Fighting
   458 | D:2      | Found a faded altar of an unknown god.
   562 | D:2      | Identified the +1 scale mail of Whack-A-Mole {rC+ Str+4}
   593 | D:3      | Found an ancient bone altar of Kikubaaqudgha.
   612 | D:3      | Noticed a scorpion
   618 | D:3      | Killed a scorpion
   619 | D:3      | Reached skill level 6 in Fighting
   619 | D:3      | Reached XP level 5. HP: 50/50 MP: 6/6
   792 | D:3      | Found a shadowy altar of Dithmenos.
   973 | D:3      | XOM: 2-stop teleportation journey
  1157 | D:4      | Noticed a phantom
  1169 | D:4      | Killed a phantom
  1170 | D:4      | Reached skill level 7 in Fighting
  1170 | D:4      | Reached XP level 6. HP: 58/60 MP: 7/7
  1217 | D:4      | XOM: noise
  1265 | D:4      | Learned a level 5 spell: Blade Hands
  1269 | D:4      | Noticed a black bear
  1269 | D:4      | XOM: 3-stop teleportation journey
  1288 | D:4      | Killed a black bear
  1289 | D:4      | Reached skill level 1 in Unarmed Combat
  1289 | D:4      | Reached skill level 1 in Spellcasting
  1289 | D:4      | Reached skill level 1 in Transmutations
  1289 | D:4      | Reached XP level 7. HP: 54/66 MP: 7/9
  1426 | D:4      | Found a stormy altar of Qazlal.
  1428 | D:4      | Found a blossoming altar of Fedhas.
  1430 | D:4      | Found a white marble altar of Elyvilon.
  1513 | D:4      | XOM: silly message
  1539 | D:5      | Entered Level 5 of the Dungeon
  1546 | D:5      | Noticed a water moccasin
  1547 | D:5      | XOM: snakes to sticks
  1586 | D:5      | XOM: chaos cloud
  1676 | D:5      | XOM: draining
  1708 | D:5      | Noticed a water moccasin
  1715 | D:5      | Killed a water moccasin
  1716 | D:5      | Reached XP level 8. HP: 51/67 MP: 12/12
  1749 | D:5      | Noticed a shapeshifter
  1749 | D:5      | a black bear changed into a shapeshifter
  1749 | D:5      | Noticed a tarantella
  1749 | D:5      | a shapeshifter changed into a tarantella
  1754 | D:5      | XOM: stat loss: -1 Dex (15/16)
  1754 | D:5      | HP: 3/68 [tarantella (shapeshifter) (2)]
  1755 | D:5      | Demolished by a tarantella (shapeshifter)

Illustrated notes

Levels and vault maps discovered:
D:1:      minmay_arrival_four_circles, layout_basic, minmay_misc_feat_plants,
          lemuel_another_geyser
D:2:      layout_basic, dreamdust_ecumenical_altar_grove
D:3:      layout_basic, mainiacjoe_overflow_alcove_4,
          mainiacjoe_overflow_concentric_impassable, patterned_corridor
D:4:      layout_gridville, grunt_temple_overflow_diamond,
          dreamdust_wishing_well, kennysheep_generic_room_11, uniq_ijyb
D:5:      layout_cave_pools, minmay_temple_entry_fiery, minmay_manual_maat

Skill      XL: |  1  2  3  4  5  6  7  8 |
---------------+-------------------------+-----
Fighting       | 4 6 7 |  7.4
Unarmed Combat | 1 2 |  2.7
Spellcasting   | 1 2 |  2.6
Transmutations | 1 2 |  2.6
Dodging        | 2 3 |  3.0
Axes           | |  3.6
Armour         | |  2.4

Action                   |  1- 3 |  4- 6 |  7- 9 || total
-------------------------+-------+-------+-------++-------
Melee: Hand axe          |    58 |    93 |    65 ||   216
       Punch             |       |     1 |     1 ||     2
Evoke: Wand              |       |       |     4 ||     4
  Use: Scroll            |       |     6 |     2 ||     8
 Stab: Confused          |       |     1 |       ||     1
       Paralysed         |       |       |     2 ||     2
Armor: Leather armour    |    24 |    29 |       ||    53
       Scale mail        |       |    25 |    35 ||    60
Dodge: Dodged            |    40 |    55 |    44 ||   139

Table legend: (Time is in decaauts)
 A = Elapsed time spent in this place.
 B = Non-inter-level travel time spent in this place.
 C = Inter-level travel time spent in this place.
 D = Time resting spent in this place.
 E = Time spent auto-exploring this place.
 F = Levels seen in this place.
 G = Mean time per level.
                   A        B        C        D        E       F      G
               +--------+--------+--------+--------+--------+-----+--------+
         Total |   1789 |   1653 |    136 |      0 |      0 |   5 |  357.8 |
       Dungeon |   1789 |   1653 |    136 |      0 |      0 |   5 |  357.8 |
               +--------+--------+--------+--------+--------+-----+--------+

Top non-repeatable levels by time:
     D:3: 523 daAuts
     D:4: 488 daAuts
     D:2: 317 daAuts
     D:1: 286 daAuts
     D:5: 174 daAuts
